 Dungeon Crawl Stone Soup version 0.22-a0-525-gf69a0803ab (webtiles) character file.

89120 Foic the Hoplite (level 15, -4/132 HPs)
             Began as a Minotaur Fighter on June 20, 2018.
             Was the Champion of Cheibriados.
             Killed from afar by a shock serpent (16 damage)
             ... with a bolt of electricity
             ... on level 4 of the Snake Pit on June 21, 2018.
             The game lasted 01:39:29 (21886 turns).

Foic the Hoplite (Minotaur Fighter)                Turns: 21886, Time: 01:39:29

Health: -4/132     AC: 24    Str: 48    XL:     15   Next: 48%
Magic:  14/14      EV:  9    Int: 20    God:    Cheibriados [******]
Gold:   852        SH: 29    Dex: 25    Spells: 14/14 levels left

rFire    . . .     SeeInvis .   r - +2 war axe (venom)
rCold    + . .     Gourm    .   a - +2 shield
rNeg     + . .     Faith    .   b - +1 plate armour {rN+}
rPois    +         Spirit   .   R - +0 hat
rElec    .         Reflect  +   I - +2 cloak {rPois}
rCorr    .         Harm     .   l - +2 pair of gloves
MR       +....                  E - +0 pair of boots (curse)
Stlth    ..........             w - +6 amulet of reflection
HPRegen  0.32/turn              x - +5 ring of strength
MPRegen  0.14/turn              Z - +3 ring of strength

@: very slow
A: retaliatory headbutt, horns 2, camouflage 1, cold resistance 1, weak 1
a: Bend Time, Temporal Distortion, Slouch, Step From Time, Renounce Religion


You were on level 4 of the Snake Pit.
You worshipped Cheibriados.
Cheibriados was exalted by your worship.
You were not hungry.

You visited 4 branches of the dungeon, and saw 20 of its levels.

You collected 2192 gold pieces.
You spent 1340 gold pieces at shops.

Inventory:

Hand Weapons
 n - a +1 flail of protection
 r - a +2 war axe of venom (weapon)
 U - a +2 vampiric trident
Missiles
 g - 338 stones (quivered)
 j - 6 javelins
 z - 7 tomahawks of returning
Armour
 a - a +2 shield (worn)
 b - a +1 plate armour of positive energy (worn)
 l - a +2 pair of gloves (worn)
 q - the +1 leather armour of Gluttony {rF++ Str+4 Int-4 Slay+3}
   (You found it on level 4 of the Dungeon)

   It affects your strength (+4).
   It affects your intelligence (-4).
   It affects your accuracy and damage with ranged weapons and melee attacks
   (+3).
   It greatly protects you from fire.
 E - a cursed +0 pair of boots (worn)
 I - a +2 cloak of poison resistance (worn)
 P - a +1 shield of fire resistance
 R - a +0 hat (worn)
Jewellery
 t - an uncursed ring of ice
 w - a +6 amulet of reflection (around neck)
 x - a +5 ring of strength (left hand)
 B - an uncursed amulet of the gourmand
 C - an uncursed ring of protection from fire
 G - an uncursed ring of fire
 J - an uncursed ring of resist corrosion
 O - a +3 ring of protection
 W - an uncursed ring of see invisible
 Z - a +3 ring of strength (right hand)
Wands
 i - a wand of polymorph (17)
 v - a wand of iceblast (8)
 A - a wand of flame (17)
 H - a wand of paralysis (10)
 K - a wand of acid (10)
 N - a wand of disintegration (10)
Scrolls
 c - a scroll of amnesia
 h - 5 scrolls of identify
 k - 4 scrolls of magic mapping
 m - 3 scrolls of enchant armour
 o - 7 scrolls of remove curse
 s - 12 scrolls of teleportation
 y - a scroll of acquirement
 M - 2 scrolls of enchant weapon
 T - 2 scrolls of blinking
Potions
 d - 2 potions of might
 e - 8 potions of curing
 u - 3 potions of heal wounds
 F - a potion of invisibility
 V - a potion of mutation
 X - a potion of agility
Miscellaneous
 L - a crystal ball of energy
Comestibles
 f - 27 rations


   Skills:
 + Level 12.0 Fighting
 + Level 16.4 Axes
 + Level 11.3 Armour
 * Level 21.8 Shields


You had 14 spell levels left.
You didn't know any spells.
Your spell library contained the following spells:

 Spells                   Type           Power        Failure   Level  Hunger
 Cause Fear               Hex            #.........   100%        4    #####..
 Magic Dart               Conj           #...         54%         1    ##.....
 Conjure Flame            Conj/Fire      #.......     89%         3    ####...
 Slow                     Hex            #.......     69%         2    ###....
 Mephitic Cloud           Conj/Pois/Air  #.......     89%         3    ####...
 Death's Door             Chrm/Necr      #.........   100%        8    #######
 Blink                    Tloc           N/A          69%         2    ###....
 Haunt                    Necr/Summ      #.........   100%        7    #######
 Borgnjor's Revivificati  Necr           #.........   100%        8    #######
 Call Imp                 Summ           #.......     69%         2    ###....
 Necromutation            Tmut/Necr      #.........   100%        8    #######
 Deflect Missiles         Chrm/Air       #.........   100%        6    #######
 Shadow Creatures         Summ           N/A          100%        6    #######
 Ensorcelled Hibernation  Hex/Ice        #.....       69%         2    ###....
 Silence                  Hex/Air        #.........   100%        5    ######.
 Darkness                 Hex            #.........   100%        6    #######
 Discord                  Hex            #.........   100%        8    #######
 Yara's Violent Unravell  Hex/Tmut       #.........   100%        5    ######.
 Infestation              Necr           #.........   100%        8    #######
 Borgnjor's Vile Clutch   Necr/Erth      #.........   100%        5    ######.


Dungeon Overview and Level Annotations

Branches:
Dungeon (10/15)            Temple (0/1) D:6            Lair (4/6) D:9
 Shoals (0/4) Lair:2        Snake (4/4) Lair:4          Orc (2/2) D:9
    Elf (0/3) Orc:2

Altars:
Cheibriados
Fedhas
Gozag
Hepliaklqana
Makhleb
Nemelex Xobeh
Sif Muna
Xom

Shops:
D:8 [   D:9 =   Orc:1 [   Orc:2 =[(*   Snake:2 *

Annotations:
Snake:3 3 runed doors, Filiugyam's ghost, adept TrMo


Innate Abilities, Weirdness & Mutations

You reflexively headbutt those who attack you in melee.
You have a pair of horns on your head.
Your skin changes colour to match your surroundings (Stealth+).
Your flesh is cold resistant. (rC+)
You are weak. (Str -2)


Message History

You kill the black mamba!
Cheibriados thoroughly appreciates the change of pace.
You start resting.
The shock serpent is too close now for your liking.
The shock serpent hisses angrily.
You block the shock serpent's attack. x2
You slice the shock serpent!!
The shock serpent is severely wounded.
The shock serpent's electric aura discharges violently, shocking you!
The shock serpent bites you but does no damage.
You slash the shock serpent!
The shock serpent is poisoned.
Your headbutt misses the shock serpent.
The shock serpent is severely wounded.
The shock serpent's electric aura discharges, shocking you!
* * * LOW HITPOINT WARNING * * *
The shock serpent shoots out a bolt of lightning at you!
The bolt of electricity hits you!
* * * LOW HITPOINT WARNING * * *
The bolt of electricity hits you!
You die...

#....##
#.....
....##
#....###
#......# .
#......#...
#..........
#..@S......
#..........
#..........
#..........
...........
#...........
..##........
..#
######...


You could see a shock serpent.

Vanquished Creatures
  3 nagarajas
  An orc warlord (Orc:2)
  A dire elephant (Lair:3)
  Fannar (Lair:2)
  6 hydras
  6 naga warriors
  5 anacondas
  2 two-headed ogres
  5 orc high priests
  9 naga sharpshooters
  3 shock serpents (Snake:1)
  4 salamander mystics
  A sea snake (Snake:2)
  3 naga ritualists (Snake:1)
  An orc knight (Orc:2)
  7 mana vipers
  A cyclops (Orc:1)
  6 orc sorcerers
  18 salamanders
  14 elephants
  29 black mambas
  3 guardian serpents
  15 naga magi
  4 spiny frogs
  A rime drake (Lair:1)
  A queen bee (Lair:1)
  6 trolls
  A hippogriff (Lair:2)
  8 blink frogs
  Sigmund (D:5)
  A spriggan (Lair:3)
  2 basilisks
  12 wargs
  10 water moccasins
  21 nagas
  15 porcupines
  18 orc warriors
  A phantom (D:7)
  A black bear (D:9)
  7 wolves
  2 sky beasts (D:9)
  A centaur (D:9)
  9 ogres
  4 big kobolds
  10 crocodiles
  5 bullfrogs
  A wyvern zombie (D:9)
  A scorpion (D:7)
  24 killer bees (Lair:1)
  A howler monkey (D:7)
  2 electric eels (Snake:2)
  A crimson imp (D:6)
  A bullfrog zombie (D:4)
  A quasit (D:9)
  Crazy Yiuf (D:7)
  6 hounds
  4 orc priests
  A centaur skeleton (D:9)
  10 orc wizards
  Jessica (D:2)
  Terence (D:2)
  Natasha (twice) (D:2)
  4 worker ants
  7 hell rats (Lair:3)
  A worker ant zombie (D:6)
  13 adders
  A shadow imp (D:5)
  4 worms
  2 dart slugs
  5 leopard geckos
  34 orcs
  6 giant cockroaches
  7 hobgoblins
  8 jackals
  5 quokkas
  3 ball pythons
  6 bats
  9 frilled lizards
  10 goblins
  21 kobolds
  A quokka skeleton (D:7)
  5 rats
  3 fungi
  2 plants
500 creatures vanquished.

Vanquished Creatures (others)
  2 nagarajas
  3 naga sharpshooters
  A naga mage (Snake:3)
  A naga (Snake:2)
  An orc warrior (Orc:2)
  A centaur (D:9)
  An orc wizard (D:9)
  3 orcs
  A kobold (D:7)
  A bush (D:9)
  22 fungi
  9 plants
46 creatures vanquished.

Grand Total: 546 creatures vanquished

Notes
Turn   | Place    | Note
-------+----------+-------------------------------------------
     0 | D:1      | Foic the Minotaur Fighter began the quest for the Orb.
     0 | D:1      | Reached XP level 1. HP: 19/19 MP: 0/0
    47 | D:1      | Reached skill level 4 in Shields
   174 | D:1      | Reached XP level 2. HP: 26/27 MP: 1/1
   640 | D:1      | Reached XP level 3. HP: 33/33 MP: 2/2
  1130 | D:2      | Noticed Natasha
  1138 | D:2      | Killed Natasha
  1138 | D:2      | Reached XP level 4. HP: 34/40 MP: 3/3
  1517 | D:2      | Noticed Terence
  1538 | D:2      | Killed Terence
  2080 | D:2      | Noticed Natasha
  2087 | D:2      | Killed Natasha
  2087 | D:2      | Reached skill level 5 in Shields
  2087 | D:2      | Reached XP level 5. HP: 39/46 MP: 4/4
  2152 | D:2      | Noticed Jessica
  2162 | D:2      | Killed Jessica
  3101 | D:4      | Reached skill level 5 in Axes
  3227 | D:4      | Got a transparent leather armour
  3238 | D:4      | Identified the cursed +1 leather armour of Gluttony {rF++ Str+4 Int-4 Slay+3} (You found it on level 4 of the Dungeon)
  3279 | D:4      | Reached XP level 6. HP: 53/53 MP: 5/5
  4137 | D:5      | Entered Level 5 of the Dungeon
  4327 | D:5      | Reached skill level 5 in Armour
  4372 | D:5      | Noticed Sigmund
  4381 | D:5      | Killed Sigmund
  4381 | D:5      | Reached skill level 5 in Fighting
  4381 | D:5      | Reached skill level 6 in Shields
  4381 | D:5      | Reached XP level 7. HP: 53/61 MP: 6/6
  5149 | D:6      | Found a snail-covered altar of Cheibriados.
  5153 | D:6      | Became a worshipper of Cheibriados the Contemplative
  5159 | D:6      | Found a staircase to the Ecumenical Temple.
  5255 | D:6      | Found a burning altar of Makhleb.
  5325 | D:6      | Found a hazy altar of Hepliaklqana.
  5326 | D:6      | Found a shimmering altar of Xom.
  5326 | D:6      | Noticed a yak
  5327 | D:6      | Noticed a spectral ugly thing
  5327 | D:6      | Noticed a yak
  5613 | D:7      | Found a sparkling altar of Nemelex Xobeh.
  5614 | D:7      | Found an opulent altar of Gozag.
  5752 | D:7      | Reached skill level 7 in Shields
  5752 | D:7      | Reached XP level 8. HP: 68/70 MP: 7/7
  5944 | D:7      | Reached * piety under Cheibriados
  6074 | D:7      | Found a runed door.
  6078 | D:7      | Noticed Crazy Yiuf
  6082 | D:7      | Killed Crazy Yiuf
  6303 | D:8      | Found a blossoming altar of Fedhas.
  6481 | D:8      | Found Weedgh's Armour Boutique.
  6650 | D:9      | Reached skill level 8 in Shields
  6704 | D:9      | Reached ** piety under Cheibriados
  6729 | D:9      | Found Azijiry's Jewellery Boutique.
  6773 | D:9      | Noticed a troll
  6782 | D:9      | Killed a troll
  6998 | D:9      | Reached XP level 9. HP: 78/78 MP: 8/8
  7020 | D:9      | Reached skill level 9 in Shields
  7024 | D:9      | Noticed a two-headed ogre
  7050 | D:9      | Killed a two-headed ogre
  7050 | D:9      | Reached skill level 10 in Axes
  7050 | D:9      | Reached skill level 10 in Shields
  7180 | D:10     | Entered Level 10 of the Dungeon
  7423 | D:9      | Reached XP level 10. HP: 66/86 MP: 9/9
  7433 | D:9      | Reached *** piety under Cheibriados
  7488 | D:9      | Reached skill level 11 in Shields
  7587 | D:9      | Found a staircase to the Lair.
  7613 | D:9      | Found a staircase to the Orcish Mines.
  7977 | D:9      | Found a deep blue altar of Sif Muna.
  8119 | Orc:1    | Entered Level 1 of the Orcish Mines
  8141 | Orc:1    | Noticed an orc high priest
  8189 | Lair:1   | Entered Level 1 of the Lair of Beasts
  8192 | Lair:1   | Reached skill level 12 in Shields
  8386 | Lair:1   | Reached **** piety under Cheibriados
  8544 | Lair:1   | Noticed a seven-headed hydra
  8552 | Lair:1   | Killed a seven-headed hydra
  8980 | D:9      | Reached XP level 11. HP: 95/95 MP: 10/10
  9092 | D:9      | Killed an orc high priest
  9092 | D:9      | Reached skill level 13 in Shields
  9221 | Orc:1    | Found Eluageg's Antique Armour Shop.
  9381 | Orc:1    | Noticed an orc sorcerer
  9386 | Orc:1    | Noticed a sixfirhy
  9386 | Orc:1    | Killed an orc sorcerer
  9611 | Orc:1    | Bought a glowing plate armour for 858 gold pieces
  9611 | Orc:1    | Bought a pair of embroidered gloves for 247 gold pieces
  9647 | Orc:2    | Entered Level 2 of the Orcish Mines
  9647 | Orc:2    | Found a staircase to the Elven Halls.
  9651 | Orc:2    | Noticed an orc high priest
  9654 | Orc:2    | Noticed an orc sorcerer
  9888 | Orc:2    | Killed an orc sorcerer
  9901 | Orc:2    | Reached ***** piety under Cheibriados
  9952 | Orc:2    | Noticed a sixfirhy
 10087 | Orc:1    | Killed an orc high priest
 10160 | Orc:1    | Noticed a two-headed ogre
 10166 | Orc:1    | Killed a two-headed ogre
 10166 | Orc:1    | Reached skill level 14 in Shields
 10187 | Orc:2    | Found Muaduth's General Store.
 10326 | Orc:2    | Noticed an orc sorcerer
 10335 | Orc:2    | Noticed a sixfirhy
 10337 | Orc:2    | Noticed a sun demon
 10618 | Orc:2    | Paralysed by an orc sorcerer for 7 turns
 10629 | Orc:2    | Killed an orc sorcerer
 10913 | Orc:2    | Noticed an orc sorcerer
 10924 | Orc:2    | Killed an orc sorcerer
 10970 | Orc:2    | Noticed an orc knight
 10981 | Orc:2    | Killed an orc knight
 11010 | Orc:2    | Noticed an orc high priest
 11011 | Orc:2    | Noticed a sun demon
 11013 | Orc:2    | Noticed a soul eater
 11174 | Orc:1    | Killed an orc high priest
 11174 | Orc:1    | Reached skill level 15 in Shields
 11174 | Orc:1    | Reached XP level 12. HP: 98/105 MP: 11/11
 11240 | Orc:2    | Noticed an orc high priest
 11247 | Orc:2    | Killed an orc high priest
 11314 | Orc:2    | Found Yremaj's Antique Weapon Emporium.
 11332 | Orc:2    | Noticed an orc high priest
 11339 | Orc:2    | Killed an orc high priest
 11420 | Orc:2    | Found Tyru's Jewellery Boutique.
 11487 | Orc:2    | Found Lionler's Antique Armour Shoppe.
 11495 | Orc:2    | Bought a shiny shield for 165 gold pieces
 11508 | Orc:2    | Noticed an orc warlord
 11525 | Orc:2    | Killed an orc warlord
 11977 | Lair:1   | Noticed a five-headed hydra
 11986 | Lair:1   | Killed a five-headed hydra
 11986 | Lair:1   | Reached skill level 16 in Shields
 12125 | Lair:1   | Reached ****** piety under Cheibriados
 12155 | Lair:1   | Reached skill level 10 in Fighting
 12346 | Lair:2   | Noticed a seven-headed hydra
 12360 | Lair:1   | Killed a seven-headed hydra
 12436 | Lair:2   | Noticed Fannar
 12449 | Lair:2   | Killed Fannar
 12751 | Lair:2   | Found a staircase to the Shoals.
 13164 | Lair:3   | Reached skill level 17 in Shields
 13282 | Lair:3   | Noticed a four-headed hydra
 13290 | Lair:3   | Killed a four-headed hydra
 13290 | Lair:3   | Reached XP level 13. HP: 95/114 MP: 12/12
 13557 | Lair:3   | Reached skill level 15 in Axes
 13576 | Lair:3   | Noticed a dire elephant
 13590 | Lair:3   | Killed a dire elephant
 14114 | Lair:4   | Gained mutation: Your flesh is cold resistant. (rC+) [potion of mutation]
 14114 | Lair:4   | Gained mutation: You are weak. (Str -2) [potion of mutation]
 14114 | Lair:4   | Gained mutation: Your skin changes colour to match your surroundings (Stealth+). [potion of mutation]
 14139 | Lair:4   | Found a staircase to the Snake Pit.
 14402 | Lair:4   | Reached skill level 18 in Shields
 15039 | Snake:1  | Entered Level 1 of the Snake Pit
 15246 | Snake:1  | Upgraded the game from 0.22-a0-521-gb1378044ac to 0.22-a0-525-gf69a0803ab
 16285 | Snake:1  | Reached XP level 14. HP: 104/124 MP: 13/13
 16288 | Snake:1  | Reached skill level 19 in Shields
 16862 | Snake:2  | Noticed a nagaraja
 17215 | Snake:1  | Killed a nagaraja
 17413 | Snake:1  | Reached skill level 10 in Armour
 18170 | Snake:1  | Reached skill level 20 in Shields
 18522 | Snake:2  | Found Faonkeet's General Store.
 18530 | Snake:2  | Bought a potion of heal wounds for 70 gold pieces
 19181 | Snake:2  | Identified a scroll of acquirement
 20102 | Snake:3  | Noticed a nagaraja
 20118 | Snake:2  | Killed a nagaraja
 20371 | Snake:3  | Found a runed gate.
 20371 | Snake:3  | Found a runed gate.
 20372 | Snake:3  | Found a runed gate.
 20381 | Snake:3  | Noticed Filiugyam's ghost (adept TrMo)
 20396 | Snake:3  | Reached XP level 15. HP: 96/132 MP: 14/14
 20574 | Snake:3  | Noticed a nagaraja
 20580 | Snake:3  | Killed a nagaraja
 20580 | Snake:3  | Reached skill level 21 in Shields
 21168 | Snake:3  | Noticed a nagaraja
 21353 | Snake:3  | Killed a nagaraja
 21480 | Snake:4  | Entered Level 4 of the Snake Pit
 21796 | Snake:4  | Noticed a nagaraja
 21808 | Snake:4  | Killed a nagaraja
 21869 | Snake:4  | Noticed a nagaraja
 21886 | Snake:4  | Killed from afar by a shock serpent

Vault maps used:
D:1:      eino_arrival_water_cross, serial_corexii_hall, corexii_hall_statues_x,
          corexii_hall_statues_l, corexii_hall_statues_t, corexii_hall_statues_l
D:2:      uniq_jessica, uniq_natasha, uniq_terence
D:4:      lemuel_flame_loot_1
D:5:      first_ration, uniq_sigmund
D:6:      regret_index_temple_of_mockery, overflow_temple_1_default,
          minmay_temple_entry_junction, cheibriados_altar_1
D:7:      grunt_temple_overflow_opulence, serial_glass, glass_columns_a,
          glass_columns_b, uniq_crazy_yiuf_cottage
D:8:      serial_shops, shop, fedhas_altar_2
D:9:      tgw_sif, minmay_lair_entry_grove, minmay_orc_entry_guard_dogs,
          serial_shops, nicolae_shop_trees
D:10:     grunt_livestock, hangedman_tell_no_tales, uniq_harold, uniq_psyche,
          uniq_maurice
Lair:2:   elwin_shoals_entry_rocks, ldierk_geyser, uniq_fannar
Lair:3:   mu_elephants_graveyard
Lair:4:   minmay_snake_entry_six_corridors
Snake:1:  grunt_megastairs_3
Snake:2:  serial_shops, shop, grunt_ministairs_8, serial_bayou_pond_a,
          st_stairs_5, serial_bayou_shore_a
Snake:3:  gammafunk_ghost_necromancy
Snake:4:  grunt_snake_rune_spirals, uniq_bai_suzhen
Orc:1:    cheibrodos_orc_guarddog, serial_shops, nicolae_shop_stone,
          guppyfry_library_mini
Orc:2:    grunt_orc_gardens, grunt_orc_garden, grunt_orc_garden,
          grunt_orc_garden, grunt_orc_garden

Skill      XL: |  1  2  3  4  5  6  7  8  9 10 11 12 13 14 15 |
---------------+----------------------------------------------+-----
Shields        | 4 5 6 7 8 10 12 15 17 18 20 21 | 21.8
Axes           | 3 4 5 6 7 9 11 12 13 14 15 16 | 16.4
Fighting       | 4 5 6 7 8 9 10 11 12 | 12.0
Armour         | 4 5 6 7 8 9 10 11 | 11.3

Action                   |  1- 3 |  4- 6 |  7- 9 | 10-12 | 13-15 || total
-------------------------+-------+-------+-------+-------+-------++-------
Melee: War axe           |    69 |   193 |   159 |   400 |   518 ||  1339
       Headbutt          |     6 |    22 |    43 |   165 |   200 ||   436
       Unarmed           |       |     1 |       |       |       ||     1
       Flail             |       |       |       |    26 |    12 ||    38
Throw: Stone             |       |       |       |   120 |   136 ||   256
       Tomahawk          |       |       |       |     9 |       ||     9
       Javelin           |       |       |       |     1 |     2 ||     3
  Use: Potion            |     2 |     2 |     3 |       |     5 ||    12
       Scroll            |       |     5 |     7 |     6 |    12 ||    30
  Eat: Chunk             |       |     6 |     6 |    10 |     3 ||    25
       Ration            |       |     2 |       |       |     3 ||     5
Armor: Scale mail        |    36 |    67 |       |       |       ||   103
       Skin              |       |     1 |       |       |       ||     1
       Leather armour    |       |     3 |    46 |    14 |       ||    63
       Plate armour      |       |       |       |   107 |   154 ||   261
Dodge: Dodged            |    34 |    56 |    41 |    80 |   106 ||   317
Block: Shield            |    46 |    97 |   148 |   548 |   780 ||  1619
       Reflection        |       |       |    11 |    30 |   146 ||   187

Table legend:
 A = Spawn XP
 B = Non-spawn XP
 C = Spawn XP percentage of total XP
 D = Spawn monster count
 E = Non-spawn monster count
 F = Spawn count percentage of total count
 G = Total turns spent on level
                    A         B        C        D         E        F      G
               +---------+---------+-------+---------+---------+-------+---------
         Total |       0 |  127315 |   0.0 |       0 |     508 |   0.0 | 21886
               +---------+---------+-------+---------+---------+-------+---------
           D:1 |       0 |      47 |   0.0 |       0 |      27 |   0.0 |  1076
           D:2 |       0 |     199 |   0.0 |       0 |      28 |   0.0 |  1262
           D:3 |       0 |      74 |   0.0 |       0 |      21 |   0.0 |   680
           D:4 |       0 |     240 |   0.0 |       0 |       8 |   0.0 |  1119
           D:5 |       0 |     344 |   0.0 |       0 |       8 |   0.0 |   650
           D:6 |       0 |     164 |   0.0 |       0 |       7 |   0.0 |   778
           D:7 |       0 |     813 |   0.0 |       0 |      23 |   0.0 |   576
           D:8 |       0 |     240 |   0.0 |       0 |      12 |   0.0 |   483
           D:9 |       0 |    7151 |   0.0 |       0 |      67 |   0.0 |  1515
        Lair:1 |       0 |    7246 |   0.0 |       0 |      39 |   0.0 |  1301
        Lair:2 |       0 |    3276 |   0.0 |       0 |      12 |   0.0 |   646
        Lair:3 |       0 |   10116 |   0.0 |       0 |      30 |   0.0 |   936
        Lair:4 |       0 |    5669 |   0.0 |       0 |      28 |   0.0 |  1048
       Snake:1 |       0 |   29293 |   0.0 |       0 |      55 |   0.0 |  2988
       Snake:2 |       0 |   16991 |   0.0 |       0 |      30 |   0.0 |  2034
       Snake:3 |       0 |   24707 |   0.0 |       0 |      44 |   0.0 |  1574
       Snake:4 |       0 |    5212 |   0.0 |       0 |       6 |   0.0 |   251
         Orc:1 |       0 |    5722 |   0.0 |       0 |      29 |   0.0 |  1683
         Orc:2 |       0 |    9811 |   0.0 |       0 |      34 |   0.0 |  1113
               +---------+---------+-------+---------+---------+-------+---------
